PCL
DISTRICT 9 PRAWNS @ ALBUQUERQUE ISOTOPES
08/07/2028
 
TOP OF THE 1ST
District 9 Prawns batting - Pitching for Albuquerque Isotopes : RHP Ron Martin
Pitching: RHP Ron Martin
Batting: SHB José Estreito 0-0: Ball
1-0: Ball
2-0: Ball
3-0: Base on Balls
Batting: RHB José Colón 0-0: Ball
1-0: Ball
2-0: Called Strike
2-1: Foul Ball, location: 2F
2-2: Ground out 5-3 (Groundball, 5S)
José Estreito to second
Batting: RHB Felipe Jareño 0-0: Swinging Strike
0-1: Foul Ball, location: 2F
0-2: Foul Ball, location: 2F
0-2: Strikes out swinging
Batting: RHB Jesús Cruz 0-0: Foul Ball, location: 2F
0-1: Swinging Strike
0-2: Strikes out looking
Top of the 1st over - 0 run(s), 0 hit(s), 0 error(s), 1 left on base; District 9 0 - Albuquerque 0
BOTTOM OF THE 1ST
Albuquerque Isotopes batting - Pitching for District 9 Prawns : RHP Bret McJannett
Pitching: RHP Bret McJannett
Batting: LHB Fernando Ortíz 0-0: Called Strike
0-1: Ball
1-1: Ball
2-1: Ball
3-1: SOLO HOME RUN (Flyball, 9LD), Distance : 374 ft
Batting: SHB Edward Bartlett 0-0: Ball
1-0: Ground out 4-3 (Groundball, 34D)
Batting: LHB Bernardo Montés 0-0: Foul Ball, location: 2F
0-1: Fly out, F7 (Flyball, 7S)
Batting: LHB José González 0-0: Swinging Strike
0-1: Foul Ball, location: 2F
0-2: Ball
1-2: Ball
2-2: Ball
3-2: DOUBLE (Groundball, 3L)
Batting: LHB Héctor Soto 0-0: Ball
1-0: Called Strike
1-1: Called Strike
1-2: Ball
2-2: DOUBLE (Flyball, 8LXD)
José González scores
Batting: RHB Sam Wallace 0-0: Fly out, F9 (Flyball, 9S)
Bottom of the 1st over - 2 run(s), 3 hit(s), 0 error(s), 1 left on base; District 9 0 - Albuquerque 2
TOP OF THE 2ND
District 9 Prawns batting - Pitching for Albuquerque Isotopes : RHP Ron Martin
Batting: RHB Doug O'Brien 0-0: Ball
1-0: Ball
2-0: Called Strike
2-1: Ball
3-1: Base on Balls
Batting: LHB Al Bartlett 0-0: Called Strike
0-1: Ball
1-1: Called Strike
1-2: Foul Ball, location: 2F
1-2: Ball
2-2: Strikes out swinging
Batting: RHB Mal Snyder 0-0: Foul Ball, location: 2F
Pickoff Throw to First - Out!
0-1: Ball
1-1: Fly out, F2 (Popup, 13)
Top of the 2nd over - 0 run(s), 0 hit(s), 0 error(s), 0 left on base; District 9 0 - Albuquerque 2
BOTTOM OF THE 2ND
Albuquerque Isotopes batting - Pitching for District 9 Prawns : RHP Bret McJannett
Batting: LHB Phil Neal 0-0: Ball
1-0: Ball
2-0: Ball
3-0: Called Strike
3-1: Called Strike
3-2: Base on Balls
Batting: RHB Raúl Bauza 0-0: Ball
1-0: Ball
2-0: Called Strike
2-1: Swinging Strike
2-2: Foul Ball, location: 2F
2-2: Strikes out swinging
Batting: RHB Jesse McKnight 0-0: Called Strike
0-1: Swinging Strike
0-2: Strikes out looking
Batting: LHB Fernando Ortíz 0-0: Ball
1-0: Called Strike
1-1: Fielders Choice at 2nd, 4-6 (Groundball, 4)
Bottom of the 2nd over - 0 run(s), 0 hit(s), 0 error(s), 0 left on base; District 9 0 - Albuquerque 2
TOP OF THE 3RD
District 9 Prawns batting - Pitching for Albuquerque Isotopes : RHP Ron Martin
Batting: LHB Culley Vaughan 0-0: Ball
1-0: Ball
2-0: Ground out 5-3 (Groundball, 56)
Batting: RHB Phil Jacobs 0-0: Called Strike
0-1: Foul Ball, location: 2F
0-2: Ball
1-2: Strikes out swinging
Batting: SHB José Estreito 0-0: Ball
1-0: Ball
2-0: Ball
3-0: Base on Balls
Batting: RHB José Colón 0-0: Ball
José Estreito steals 2nd base
1-0: Fly out, F3 (Flyball, 3D)
Top of the 3rd over - 0 run(s), 0 hit(s), 0 error(s), 1 left on base; District 9 0 - Albuquerque 2
BOTTOM OF THE 3RD
Albuquerque Isotopes batting - Pitching for District 9 Prawns : RHP Bret McJannett
Batting: SHB Edward Bartlett 0-0: Called Strike
0-1: Ground out 4-3 (Groundball, 4)
Batting: LHB Bernardo Montés 0-0: SINGLE (Flyball, 89S)
Batting: LHB José González 0-0: Ball
1-0: Ball
2-0: Reached on error, E1 (Groundball, P)
Bernardo Montés to second
Batting: LHB Héctor Soto 0-0: Ball
1-0: Ball
2-0: Foul Ball, location: 2F
2-1: SINGLE (Flyball, 7S)
Bernardo Montés to third
José González to second
Runner from 3rd tries for Home, SAFE, throw made home
Batting: RHB Sam Wallace 0-0: Called Strike
0-1: Ball
1-1: Foul Ball, location: 2F
1-2: Ball
2-2: Strikes out swinging
Batting: LHB Phil Neal 0-0: Ball
1-0: Ball
2-0: Called Strike
2-1: Ball
3-1: Called Strike
3-2: Foul Ball, location: 2F
3-2: Ground out 6-3 (Groundball, 6)
Bottom of the 3rd over - 1 run(s), 2 hit(s), 1 error(s), 2 left on base; District 9 0 - Albuquerque 3
TOP OF THE 4TH
District 9 Prawns batting - Pitching for Albuquerque Isotopes : RHP Ron Martin
Batting: RHB Felipe Jareño 0-0: SINGLE (Flyball, 8LS)
Batting: RHB Jesús Cruz 0-0: Ball
1-0: Foul Ball, location: 2F
1-1: Called Strike
1-2: Foul Ball, location: 2F
1-2: Fielders Choice at 2nd, 6-4 (Groundball, 6)
Batting: RHB Doug O'Brien 0-0: Ball
1-0: Foul Ball, location: 2F
1-1: Called Strike
1-2: Ball
2-2: Foul Ball, location: 2F
2-2: Foul Ball, location: 2F
2-2: Foul Ball, location: 2F
2-2: SINGLE (Groundball, 56D)
Jesús Cruz to second
Batting: LHB Al Bartlett 0-0: Ball
1-0: Ball
2-0: Ball
3-0: Called Strike
3-1: Swinging Strike
3-2: Fly out, F7 (Flyball, 7LS)
Batting: RHB Mal Snyder 0-0: Ball
1-0: Fielders Choice at 2nd, 6-4 (Groundball, 6)
Top of the 4th over - 0 run(s), 2 hit(s), 0 error(s), 1 left on base; District 9 0 - Albuquerque 3
BOTTOM OF THE 4TH
Albuquerque Isotopes batting - Pitching for District 9 Prawns : RHP Bret McJannett
Batting: RHB Raúl Bauza 0-0: Ball
1-0: Ball
2-0: SINGLE (Groundball, 4MD)
Batting: RHB Jesse McKnight 0-0: DOUBLE (Groundball, 5L)
Raúl Bauza to third
Runner from 3rd tries for Home, SAFE, throw made home
Batting: LHB Fernando Ortíz 0-0: Foul Ball, location: 2F
0-1: Swinging Strike
0-2: Ball
1-2: Ball
2-2: Strikes out swinging
Batting: SHB Edward Bartlett 0-0: Ball
1-0: Swinging Strike
1-1: Ball
2-1: Ball
3-1: Ground out 1-3 (Groundball, P)
Jesse McKnight to third
Batting: LHB Bernardo Montés 0-0: Called Strike
0-1: Ball
1-1: Fly out, F8 (Flyball, 8LS)
Bottom of the 4th over - 1 run(s), 2 hit(s), 0 error(s), 1 left on base; District 9 0 - Albuquerque 4
TOP OF THE 5TH
District 9 Prawns batting - Pitching for Albuquerque Isotopes : RHP Ron Martin
Batting: LHB Culley Vaughan 0-0: Ground out 6-3 (Groundball, 6)
Batting: RHB Phil Jacobs 0-0: Called Strike
0-1: Ball
1-1: Foul Ball, location: 2F
1-2: Foul Ball, location: 2F
1-2: Strikes out swinging
Batting: SHB José Estreito 0-0: Ball
1-0: Foul Ball, location: 2F
1-1: Ball
2-1: Ground out U3 (Groundball, 34)
Top of the 5th over - 0 run(s), 0 hit(s), 0 error(s), 0 left on base; District 9 0 - Albuquerque 4
BOTTOM OF THE 5TH
Albuquerque Isotopes batting - Pitching for District 9 Prawns : RHP Bret McJannett
Batting: LHB José González 0-0: Foul Ball, location: 2F
0-1: Ball
1-1: Swinging Strike
1-2: Fly out, F7 (Flyball, 78D)
Batting: LHB Héctor Soto 0-0: Called Strike
0-1: Ball
1-1: Ball
2-1: Fly out, F7 (Flyball, 7LS)
Batting: RHB Sam Wallace 0-0: Ball
1-0: Fly out, F9 (Line Drive, 9)
Bottom of the 5th over - 0 run(s), 0 hit(s), 0 error(s), 0 left on base; District 9 0 - Albuquerque 4
TOP OF THE 6TH
District 9 Prawns batting - Pitching for Albuquerque Isotopes : RHP Ron Martin
Batting: RHB José Colón 0-0: Ball
1-0: Swinging Strike
1-1: Ball
2-1: Ball
3-1: Base on Balls
Batting: RHB Felipe Jareño 0-0: Foul Ball, location: 2F
0-1: Foul Ball, location: 2F
0-2: Foul Ball, location: 2F
0-2: Ball
1-2: Foul Ball, location: 2F
1-2: Foul Ball, location: 2F
1-2: Strikes out swinging
Batting: RHB Jesús Cruz 0-0: Ball
1-0: Called Strike
1-1: Fielders Choice at 2nd, 6-4 (Groundball, 6D)
Batting: RHB Doug O'Brien 0-0: Swinging Strike
0-1: Ball
1-1: Ball
2-1: Ball
3-1: Foul Ball, location: 2F
3-2: Base on Balls
Jesús Cruz to second
Batting: LHB Al Bartlett 0-0: Called Strike
0-1: Called Strike
0-2: Ball
1-2: Ball
2-2: Foul Ball, location: 2F
2-2: Ball
3-2: Fly out, F6 (Line Drive, 56)
Top of the 6th over - 0 run(s), 0 hit(s), 0 error(s), 2 left on base; District 9 0 - Albuquerque 4
BOTTOM OF THE 6TH
Albuquerque Isotopes batting - Pitching for District 9 Prawns : RHP Bret McJannett
Pitching: RHP Juan Gutiérrez
Batting: LHB Phil Neal 0-0: Ball
1-0: Ball
2-0: Called Strike
2-1: Fly out, F7 (Flyball, 7)
Batting: RHB Raúl Bauza 0-0: Foul Ball, location: 2F
0-1: Fly out, F9 (Flyball, 9S)
Batting: RHB Jesse McKnight 0-0: Foul Ball, location: 2F
0-1: Ball
1-1: Swinging Strike
1-2: Foul Ball, location: 2F
1-2: Fly out, F7 (Flyball, 7LD)
Bottom of the 6th over - 0 run(s), 0 hit(s), 0 error(s), 0 left on base; District 9 0 - Albuquerque 4
TOP OF THE 7TH
District 9 Prawns batting - Pitching for Albuquerque Isotopes : RHP Ron Martin
Pitching: RHP Shiki Kanno
Batting: RHB Mal Snyder 0-0: Called Strike
0-1: Foul Ball, location: 2F
0-2: Ball
1-2: Strikes out swinging
Batting: LHB Culley Vaughan 0-0: Ball
1-0: Foul Ball, location: 2F
1-1: Ball
2-1: Swinging Strike
2-2: Foul Ball, location: 2F
2-2: Ball
3-2: Foul Ball, location: 2F
3-2: Strikes out swinging
Batting: RHB Phil Jacobs 0-0: Ball
1-0: Ball
2-0: Foul Ball, location: 2F
2-1: Ball
3-1: Called Strike
3-2: Ground out 6-3 (Groundball, 6M)
Top of the 7th over - 0 run(s), 0 hit(s), 0 error(s), 0 left on base; District 9 0 - Albuquerque 4
BOTTOM OF THE 7TH
Albuquerque Isotopes batting - Pitching for District 9 Prawns : RHP Juan Gutiérrez
Batting: LHB Fernando Ortíz 0-0: Swinging Strike
0-1: Foul Ball, location: 2F
0-2: Strikes out looking
Batting: SHB Edward Bartlett 0-0: Swinging Strike
0-1: Ball
1-1: Ball
2-1: Fly out, F9 (Line Drive, 9S)
Batting: LHB Bernardo Montés 0-0: Ball
1-0: Ball
2-0: Ball
3-0: Called Strike
3-1: Base on Balls
Batting: LHB José González 0-0: Ball
1-0: Called Strike
1-1: Called Strike
1-2: 2-RUN HOME RUN (Flyball, 9LD), Distance : 436 ft
Batting: LHB Héctor Soto 0-0: Swinging Strike
0-1: Foul Ball, location: 2F
0-2: Ball
1-2: Strikes out swinging
Bottom of the 7th over - 2 run(s), 1 hit(s), 0 error(s), 0 left on base; District 9 0 - Albuquerque 6
TOP OF THE 8TH
District 9 Prawns batting - Pitching for Albuquerque Isotopes : RHP Shiki Kanno
Now in LF: A.J. Major
Now in CF: Lorenzo Ayala
Batting: SHB José Estreito 0-0: Called Strike
0-1: Swinging Strike
0-2: Ball
1-2: TRIPLE (Line Drive, 9LD)
Batting: RHB José Colón 0-0: Called Strike
0-1: Foul Ball, location: 2F
0-2: Ball
1-2: Fly out, F7 (Flyball, 7S)
Batting: RHB Felipe Jareño 0-0: Called Strike
0-1: Ball
1-1: Ball
2-1: Fly out, F4 (Popup, 4)
Batting: RHB Jesús Cruz 0-0: Called Strike
0-1: Foul Ball, location: 2F
0-2: Foul Ball, location: 2F
0-2: Ball
1-2: Foul Ball, location: 2F
1-2: Ball
2-2: Ball
3-2: Base on Balls
Batting: RHB Doug O'Brien 0-0: Ball
1-0: Ground out 1-3 (Groundball, 13)
Top of the 8th over - 0 run(s), 1 hit(s), 0 error(s), 2 left on base; District 9 0 - Albuquerque 6
BOTTOM OF THE 8TH
Albuquerque Isotopes batting - Pitching for District 9 Prawns : RHP Juan Gutiérrez
Batting: RHB Sam Wallace 0-0: DOUBLE (Line Drive, 7LM)
Batting: LHB Phil Neal 0-0: Ball
1-0: Ball
2-0: Ground out U3 (Groundball, 3)
Sam Wallace to third
Batting: RHB Raúl Bauza 0-0: Called Strike
0-1: Ball
1-1: SINGLE (Groundball, 6MD)
Sam Wallace scores
Batting: RHB Jesse McKnight 0-0: Ball
1-0: Called Strike
1-1: Ball
2-1: 2-RUN HOME RUN (Flyball, 7D), Distance : 388 ft
Pitching: RHP Fernando Mendoza
Batting: LHB Fernando Ortíz 0-0: Called Strike
0-1: Swinging Strike
0-2: Ground out 6-3 (Groundball, 6S)
Batting: SHB Edward Bartlett 0-0: Ball
1-0: Ball
2-0: Ball
3-0: Called Strike
3-1: Called Strike
3-2: Base on Balls
Batting: LHB A.J. Major 0-0: Called Strike
0-1: Ball
1-1: Foul Ball, location: 2F
1-2: Strikes out swinging
Bottom of the 8th over - 3 run(s), 3 hit(s), 0 error(s), 1 left on base; District 9 0 - Albuquerque 9
TOP OF THE 9TH
District 9 Prawns batting - Pitching for Albuquerque Isotopes : RHP Shiki Kanno
Now at SS: Luis Martínez
Batting: LHB Al Bartlett 0-0: Called Strike
0-1: SINGLE (Groundball, 6D)
Batting: RHB Mal Snyder 0-0: Called Strike
0-1: Ball
1-1: Ball
2-1: Ball
3-1: Foul Ball, location: 2F
3-2: Base on Balls
Al Bartlett to second
Pitching: LHP Sean Perry
Pinch Hitting: RHB Carlos Flores 0-0: Grounds into double play, 5-4-3 (Groundball, 5)
Al Bartlett to third
Batting: RHB Phil Jacobs 0-0: Foul Ball, location: 2F
0-1: Called Strike
0-2: Ball
1-2: Strikes out swinging
Top of the 9th over - 0 run(s), 1 hit(s), 0 error(s), 1 left on base; District 9 0 - Albuquerque 9
Tuesday, August 8th, 2017 - OOTP Baseball 17.12 Build 75